 Dungeon Crawl Stone Soup version 0.32-a0-705-g60f233581c (webtiles) character file.

Game seed: 691531298038306854

1388 croobank the Chiller (level 8, -2/61 HPs)
             Began as a Red Draconian Ice Elementalist on Mar 14, 2024.
             Was an Initiate of Gozag.
             Slain by a killer bee (6 damage)
             ... on level 5 of the Dungeon.
             The game lasted 00:27:01 (8850 turns).

croobank the Chiller (DrIE)                         Turns: 8850, Time: 00:27:02

Health: -2/61      AC: 16    Str: 11    XL:     8   Next: 40%
Magic:  7/15       EV: 12    Int: 17    God:    Gozag
Gold:   711        SH:  0    Dex: 12    Spells: 9/16 levels left

rFire   + . .        a - +4 dagger (freeze)
rCold   + . .        (no shield)
rNeg    . . .        (body armour unavailable)
rPois   .            h - +0 hat
rElec   .            H - +0 cloak
rCorr   .            f - +0 pair of gloves
SInv    .            x - +0 pair of boots
Will    .....        w - amulet of the acrobat
Stlth   +++          c - ring of protection from cold
HPRegen 0.30/turn    (no ring)
MPRegen 0.14/turn

%: acrobat
@: lethally poisoned (-2 -> -3), ice-armoured, invisible
A: combustion breath, AC +6, unfitting armour, fire resistance 1, cold-blooded
a: Combustion Breath, Renounce Religion, Potion Petition, Call Merchant, Bribe
Branch


You were on level 5 of the Dungeon.
You worshipped Gozag.
Gozag was pleased with you.
You visited 2 branches of the dungeon, and saw 7 of its levels.
You also visited: Sewer.

You collected 754 gold pieces.
You paid 43 gold pieces to Gozag.

Inventory:

Hand Weapons
 a - a +4 dagger of freezing (weapon)
 b - a +0 sling
 d - a +2 flail of protection
 i - a +4 flail
 q - a +0 long sword
 s - a +2 hand axe of venom
 D - a +0 war axe
 G - a +3 quarterstaff of chaos
 I - the +6 hammer "Giriorgh" {pain, ^Contam rC++ Int+3}
   (You found it on level 5 of the Dungeon)

   Int+3:     It affects your intelligence (+3).
   rC++:      It greatly protects you from cold.
   ^Contam:   It causes magical contamination when unequipped.
Missiles
 p - 12 poisoned darts
 A - 2 throwing nets (quivered)
 L - 2 javelins
 M - a boomerang
Armour
 f - a +0 pair of gloves (worn)
 h - a +0 hat (worn)
 x - a +0 pair of boots (worn)
 H - a +0 cloak (worn)
Magical Staves
 g - a staff of air
Jewellery
 c - a ring of protection from cold (left hand)
 w - an amulet of the acrobat (around neck)
Scrolls
 e - a scroll of teleportation
 t - 2 scrolls of poison
Potions
 m - 3 potions of attraction {unknown}
 n - 4 potions of enlightenment {unknown}
 o - 2 potions of brilliance {unknown}
 r - a potion of mutation {unknown}
 u - 2 potions of might {unknown}
 v - a potion of resistance {unknown}
 B - a potion of curing {unknown}
 E - 3 potions of haste {unknown}
 F - a potion of lignification {unknown}
 J - a potion of degeneration {unknown}
 K - a potion of ambrosia {unknown}


   Skills:
 * Level 2.0 Fighting
 + Level 4.9 Dodging
 + Level 5.3 Stealth
 + Level 4.9 Spellcasting
 + Level 5.3 Ice Magic


You had 9 spell levels left.
You knew the following spells:

 Your Spells              Type           Power      Damage    Failure   Level
a - Freeze                Ice            88%        1d9       1%          1
b - Frozen Ramparts       Ice            44%        1d7       4%          3
c - Ozocubu's Armour      Ice            22%        N/A       4%          3

Your spell library contained the following spells:

 Spells                   Type           Power      Damage    Failure   Level
 Summon Ice Beast         Ice/Summ       13%        N/A       14%         3
 Passwall                 Erth           4%         N/A       41%         3
 Volatile Blastmotes      Fire/Tloc      8%         2d10      41%         3
 Bombard                  Conj/Erth      2%         9d1       100%        6


Dungeon Overview and Level Annotations

Branches:
Dungeon (6/15)             Temple (1/1) D:4           Sewer (visited)

Altars:
Ashenzari
Cheibriados
Dithmenos
Elyvilon
Fedhas
Gozag
Hepliaklqana
Kikubaaqudgha
Makhleb
Nemelex Xobeh
Okawaru
Ru
Sif Muna
Trog
Uskayaw
Vehumet
Wu Jian
Xom
Yredelemnul
Zin

Shops:
D:3 =   D:5 (=

Annotations:
D:4 need digginer
D:5 2 transporters, BeKind's ghost, novice OpIE


Innate Abilities, Weirdness & Mutations

You can breathe blasts of explosive embers.
Your fiery red scales are hard. (AC +6)
You cannot fit into any form of body armour.
Your flesh is heat resistant. (rF+)
You are cold-blooded and may be slowed by cold attacks.


Message History

You feel sick. The killer bee closely misses you.
The wall freezes the scorpion but does no damage.
The scorpion stings you.
* * * LOW HITPOINT WARNING * * *
The killer bee barely misses you.
You fade into invisibility!
You feel sick. The killer bee completely misses you.
The wall freezes the scorpion.
The scorpion is distracted by your dazzling golden aura.
The killer bee closely misses you.
You catch the helpless scorpion completely off-guard!
You puncture the scorpion! You freeze the scorpion.
You kill the scorpion!
You feel sick.
The killer bee is distracted by your dazzling golden aura.
Your Fighting skill increases to level 2!
You barely miss the killer bee.
The killer bee is no longer distracted by gold.
The killer bee buzzes angrily.
The frozen ramparts melt away.
You feel sick.
You barely miss the killer bee.
You feel sick. The killer bee completely misses you. The killer bee misses you.
Casting: Freeze (safe; 1% risk of failure)
Confirm with . or Enter, or press ? or * to list all spells.
Aiming: Freeze (safe; 1% risk of failure)
Press: ? - help, Shift-Dir - straight line, f - killer bee
Aim: a killer bee (unable to see you)
You freeze the killer bee!
The killer bee is heavily wounded.
You feel sick. The killer bee barely misses you. The killer bee misses you.
Casting: Freeze (safe; 1% risk of failure)
Confirm with . or Enter, or press ? or * to list all spells.
Aiming: Freeze (safe; 1% risk of failure)
Press: ? - help, Shift-Dir - straight line, f/p - killer bee
Aim: a killer bee (heavily wounded, unable to see you)
You freeze the killer bee.
The killer bee is almost dead.
You feel sick. The killer bee stings you.
You die...
Your body crumbles into a pile of gold.

#........'........#.
#....###############
#...##
#...################
#.....#.#.#.#.#.#.#.
#....#.#.#.#.#.#.#.#
#.....###.###.###.##
#..y$#.#.#.#.#.#.#.#
#.$@$.#.#.#.#.#.#.#.
####################


You could see a killer bee (unable to see you).

Vanquished Creatures
  An ogre (D:6)
  A bullfrog (Sewer)
  4 scorpions
  3 wights
  3 killer bees (D:5)
  6 jellies
  A bombardier beetle (D:5)
  3 hounds (D:5)
  A gnoll bouda (D:4)
  An orc priest (D:4)
  Crazy Yiuf (D:5)
  An iguana (D:5)
  A sleepcap (D:4)
  An orc wizard (D:4)
  5 gnolls (D:4)
  6 adders
  A white imp (D:5)
  7 dart slugs
  4 ribbon worms
  8 orcs
  13 endoplasms
  12 giant cockroaches
  7 goblins
  10 hobgoblins
  2 jackals (D:1)
  5 quokkas
  3 training dummies (D:5)
  7 ball pythons
  8 bats
  14 frilled lizards
  13 kobolds
  4 rats (D:1)
157 creatures vanquished.

Notes
Turn   | Place    | Note
-------+----------+-------------------------------------------
     0 | D:1      | croobank the Draconian Ice Elementalist began the quest for
                  | the Orb.
     0 | D:1      | Reached XP level 1. HP: 14/14 MP: 3/3
   246 | D:1      | Reached XP level 2. HP: 20/20 MP: 3/5
   585 | D:1      | Reached XP level 3. HP: 8/26 MP: 1/6
  1239 | D:2      | Learned a level 3 spell: Frozen Ramparts
  1947 | D:2      | Reached XP level 4. HP: 32/33 MP: 3/7
  2331 | D:3      | Learned a level 3 spell: Ozocubu's Armour
  2414 | D:3      | Found Nuafufon's Jewellery Boutique.
  2718 | D:3      | Found a burning altar of Makhleb.
  2757 | D:3      | Found a shimmering blue altar of Sif Muna.
  3301 | D:4      | Found a staircase to the Ecumenical Temple.
  3311 | Temple   | Entered the Ecumenical Temple
  3335 | Temple   | Became a worshipper of Gozag Ym Sagoz the Greedy
  3405 | D:4      | Found a glowing drain.
  3428 | Sewer    | Entered a sewer
  3571 | Sewer    | Reached XP level 5. HP: 38/38 MP: 9/9
  4820 | D:4      | Reached skill level 5 in Ice Magic
  4943 | D:4      | Reached XP level 6. HP: 45/45 MP: 6/11
  5839 | D:4      | Your scales start taking on a fiery red colour.
  5839 | D:4      | Reached XP level 7. HP: 50/50 MP: 8/12
  5839 | D:4      | Gained mutation: Your flesh is heat resistant. (rF+) [Red
                  | Draconian growth]
  6087 | D:4      | Found a glowing silver altar of Zin.
  6156 | D:5      | Entered Level 5 of the Dungeon
  6435 | D:5      | Found a runed translucent door.
  6436 | D:5      | Noticed Crazy Yiuf
  6445 | D:5      | Killed Crazy Yiuf
  6456 | D:5      | Identified the +6 hammer "Giriorgh" {pain, ^Contam rC++
                  | Int+3}
  6630 | D:5      | Noticed BeKind's ghost (novice OpIE)
  6632 | D:5      | Found a transporter.
  6667 | D:5      | Found Xelinguv's Jewellery Boutique.
  6772 | D:5      | Found Fehateoxto's Firing Range.
  6851 | D:5      | Found a transporter.
  7377 | D:5      | Reached skill level 5 in Ice Magic
  7501 | D:6      | Reached XP level 8. HP: 33/51 MP: 2/14
  7966 | D:6      | Reached skill level 5 in Stealth
  8762 | D:5      | Reached skill level 1 in Fighting
  8850 | D:5      | Slain by a killer bee

Illustrated notes

Levels and vault maps discovered:
D:1:      elethiomel_arrival_quiet, layout_loops_ring, grunt_decor_cap
D:2:      layout_basic
D:3:      layout_loops_ring, minitemple, serial_shops, shop_statue,
          minmay_misc_feat_secret_circle
D:4:      cheibrodos_fertilizer, layout_basic, zin_scriptorium,
          minmay_temple_entry_glass, portal_sewer_entry_f
D:5:      layout_gridville, gammafunk_ghost_mausoleum, serial_shops, shop,
          minivault_24, roderic_roman_lattice,
          nicolae_concentric_dashed_squares_wild, dreamdust_wishing_well,
          hangedman_abyss_or_decor_passed, dk_vineyard_2,
          nicolae_shop_firing_range, uniq_crazy_yiuf_cottage
D:6:      layout_cave_pools, serial_park, serial_park_avenue1,
          serial_park_tiny_2, serial_park_square1 [serial_park_minivault_5x5_3],
          minmay_mini_ossuary
Temple:   nicolae_temple_bog_church

Skill      XL: |  1  2  3  4  5  6  7  8 |
---------------+-------------------------+-----
Stealth        | 2 3 4 5 |  5.3
Dodging        | 2 3 4 |  4.9
Spellcasting   | 3 4 |  4.9
Ice Magic      | 5 4 5 |  5.3
Fighting       | 2 |  2.0

Action                     |  1- 3 |  4- 6 |  7- 9 || total
---------------------------+-------+-------+-------++-------
  Melee: Dagger            |    81 |    16 |    73 ||   170
         Tailslap          |     4 |     2 |    10 ||    16
   Fire: Sling             |    11 |   185 |    42 ||   238
  Throw: Throwing net      |       |       |     1 ||     1
   Cast: Freeze            |    32 |     6 |     5 ||    43
         Frozen Ramparts   |     9 |    30 |    15 ||    54
         Ozocubu's Armour  |       |     4 |    12 ||    16
Ability: Combustion Breath |       |       |     4 ||     4
    Use: Scroll            |       |     2 |    10 ||    12
         Potion            |       |       |     4 ||     4
   Stab: Sleeping          |     6 |     2 |     1 ||     9
         Invisible         |       |       |     1 ||     1
 Armour: Skin              |    56 |    74 |   118 ||   248
  Dodge: Dodged            |    77 |   112 |   121 ||   310

Table legend: (Time is in decaauts)
 A = Elapsed time spent in this place.
 B = Non-inter-level travel time spent in this place.
 C = Inter-level travel time spent in this place.
 D = Time resting spent in this place.
 E = Time spent auto-exploring this place.
 F = Levels seen in this place.
 G = Mean time per level.
                   A        B        C        D        E       F      G
               +--------+--------+--------+--------+--------+-----+--------+
         Total |   9039 |   8713 |    326 |   2563 |   4589 |   8 | 1129.9 |
       Dungeon |   8087 |   7809 |    278 |   2442 |   4047 |   6 | 1347.8 |
        Temple |     49 |      1 |     48 |      0 |      0 |   1 |   49.0 |
         Sewer |    901 |    901 |      0 |    121 |    541 |   1 |  901.0 |
               +--------+--------+--------+--------+--------+-----+--------+

Top non-repeatable levels by time:
     D:5: 2460 daAuts
     D:4: 2084 daAuts
     D:2: 1174 daAuts
     D:1: 1118 daAuts
     D:3: 1017 daAuts
   Sewer: 901 daAuts
     D:6: 231 daAuts
  Temple: 49 daAuts
